 Dungeon Crawl Stone Soup version 0.20.0-8-g6b59dc7 (webtiles) character file.

67 straycat the Sneak (level 4, -1/32 HPs)
             Began as a Vampire Wanderer on May 31, 2017.
             Slain by a gnoll (4 damage)
             ... on level 2 of the Dungeon.
             The game lasted 00:13:12 (2715 turns).

straycat the Sneak (Vampire Wanderer)               Turns: 2715, Time: 00:13:13

Health: -1/32      AC:  2    Str: 11    XL:     4   Next: 0%
Magic:  1/7        EV: 13    Int: 12    God:
Gold:   55         SH:  0    Dex: 16    Spells: 5/7 levels left

rFire    . . .     SeeInvis +   e - +0 dagger
rCold    . . .     Gourm    .   (no shield)
rNeg     + . .     Faith    .   d - +0 robe
rPois    .         Spirit   .   (no helmet)
rElec    .         Reflect  .   (no cloak)
rCorr    .         Harm     .   (no gloves)
MR       .....                  (no boots)
Stlth    +++.......             (no amulet)
Regen    0.1/turn               (no ring)
MPRegen  0.1/turn               (no ring)

@: very slightly contaminated
A: fangs 3, see invisible, unbreathing
a: Bat Form


You were on level 2 of the Dungeon.
You were not thirsty.

You visited 1 branch of the dungeon, and saw 2 of its levels.

You collected 55 gold pieces.

Inventory:

Hand Weapons
 e - a +0 dagger (weapon)
 h - a +0 hunting sling
Missiles
 i - 48 stones (quivered)
 l - 31 bolts
 o - 18 poisoned needles
 p - 17 arrows
Armour
 d - a +0 robe (worn)
Jewellery
 k - a cursed -5 ring of strength {unknown}
Scrolls
 c - 2 scrolls of teleportation
 g - a scroll of noise {unknown}
 m - a scroll of magic mapping {unknown}
 n - a scroll of random uselessness {unknown}
Potions
 f - 8 potions of blood
 j - a potion of mutation {unknown}
Books
 a - a book of Frost

   Spells                             Type                      Level
   a - Freeze                         Ice                          1
   b - Throw Frost                    Conjuration/Ice              2
   c - Ozocubu's Armour               Charms/Ice                   3
   d - Throw Icicle                   Conjuration/Ice              4
   e - Summon Ice Beast               Ice/Summoning                4
 b - the Catalogue of Darkness

   Spells                             Type                      Level
   a - Pain                           Necromancy                   1
   b - Vampiric Draining              Necromancy                   3


   Skills:
 * Level 1.5 Fighting
 + Level 0.7 Short Blades
 + Level 0.7 Armour
 * Level 2.0 Dodging
 * Level 4.1 Stealth
 - Level 1.1 Unarmed Combat
 + Level 2.2 Spellcasting
   Level 1.5 Hexes
 - Level 2.0 Ice Magic
   Level 1.0 Evocations


You had 5 spell levels left.
You knew the following spells:

 Your Spells              Type           Power        Failure   Level  Hunger
a - Pain                  Necr           #...         26%         1    ##.....
b - Freeze                Ice            #...         12%         1    ##.....


Dungeon Overview and Level Annotations

Branches:
Dungeon (2/15)

Altars:
Elyvilon
Ru


Innate Abilities, Weirdness & Mutations

You have razor-sharp teeth.
You have supernaturally acute eyesight. (SInv)
You can survive without breathing.


Message History

Confirm with . or Enter, or press ? or * to list all spells.
Aiming: Pain
Press: ? - help, Shift-Dir - straight line, f/p - gnoll
Aim: a gnoll, wielding a spear (severely wounded, chance to defeat MR: 44%)
You miscast Pain.
You feel very uncomfortable. The gnoll barely misses you. x2
Casting: Pain
Confirm with . or Enter, or press ? or * to list all spells.
Aiming: Pain
Press: ? - help, Shift-Dir - straight line, f/p - gnoll
Aim: a gnoll, wielding a spear (severely wounded, chance to defeat MR: 44%)
The gnoll writhes in agony!
The gnoll hits you.
The gnoll hits you from afar with a spear.
The gnoll barely misses you.
You don't have enough magic at the moment.
You don't have enough magic at the moment.
The gnoll barely misses you.
The gnoll hits you from afar with a spear!
* * * LOW HITPOINT WARNING * * *
The gnoll hits you.
You die...

######.##.#.#.##.##.#.#..........
.......##.#.#.#...#.#.#..####.###
.......##......._........##.....#
.......####.#.#...#.#.##.#.......
.......# #.#.##.##.#.##.#.......
.......# #.#.......#.##..).._...
.......# #.####.####.#.g#.......
.......# #...........#..#.......
.......# ### #@######..##.....#
#.ggg...).####.###
#########..).).... ########..
###.. #.... #.... #.... #....


You could see 3 gnolls.

Vanquished Creatures
  2 adders (D:2)
  An ooze (D:1)
  2 dart slugs
  2 ball pythons (D:2)
  5 bats
  3 giant cockroaches
  8 hobgoblins
  3 jackals (D:2)
  7 kobolds
  4 frilled lizards
  5 rats
42 creatures vanquished.

Notes
Turn   | Place    | Note
-------+----------+-------------------------------------------
     0 | D:1      | straycat the Vampire Wanderer began the quest for the Orb.
     0 | D:1      | straycat set off with: a book of Frost, the Catalogue of Darkness, a scroll of teleportation, a +0 robe, a +0 dagger, a potion of blood
     0 | D:1      | Reached XP level 1. HP: 13/13 MP: 3/3
     0 | D:1      | Identified the Catalogue of Darkness
     2 | D:1      | Learned a level 1 spell: Pain
   242 | D:1      | Reached XP level 2. HP: 10/20 MP: 0/5
   784 | D:1      | Learned a level 1 spell: Freeze
   902 | D:1      | Reached skill level 1 in Fighting
  1368 | D:2      | Reached XP level 3. HP: 22/26 MP: 2/6
  1586 | D:2      | Found a sacrificial altar of Ru.
  1639 | D:2      | Found a white marble altar of Elyvilon.
  2475 | D:2      | Reached skill level 4 in Stealth
  2507 | D:2      | Reached XP level 4. HP: 14/32 MP: 0/7
  2715 | D:2      | Slain by a gnoll

Skill      XL: |  1  2  3 |
---------------+----------+-----
Fighting       | 1 |  1.5
Stealth        | 4 |  4.1
Dodging        | 2 |  2.0
Short Blades   | |  0.7
Armour         | |  0.7
Unarmed Combat | |  1.1
Spellcasting   | |  2.2
Hexes          | |  1.5
Ice Magic      | |  2.0
Evocations     | |  1.0

Action                   |  1- 3 |  4- 6 || total
-------------------------+-------+-------++-------
Melee: Dagger            |   125 |       ||   125
       Bite              |    11 |       ||    11
Throw: Stone             |     2 |       ||     2
 Cast: Pain              |    43 |     6 ||    49
       Freeze            |     9 |       ||     9
  Use: Potion            |     6 |     1 ||     7
 Stab: Sleeping          |     2 |       ||     2
Armor: Robe              |    39 |       ||    39
Dodge: Dodged            |   115 |     9 ||   124
